 Dungeon Crawl Stone Soup version 0.27.1-33-g824d729ab1 (webtiles) character file.

Game seed: 17170549401526048179

42 lordive the Insei (level 3, -2/26 HPs)
             Began as a Demonspawn Transmuter on Dec 27, 2021.
             Killed from afar by Sigmund (7 damage)
             ... with a magic dart
             ... on level 2 of the Dungeon.
             The game lasted 00:02:13 (2113 turns).

lordive the Insei (Demonspawn Transmuter)           Turns: 2113, Time: 00:02:14

Health: -2/26      AC:  2    Str: 10    XL:     3   Next: 33%
Magic:  6/6        EV: 12    Int: 15    God:
Gold:   74         SH:  0    Dex: 13    Spells: 2/6 levels left

rFire    . . .     SeeInvis .     - Unarmed
rCold    . . .     Faith    +   (no shield)
rNeg     . . .     Spirit   .   a - +0 robe
rPois    .         Reflect  .   (helmet currently unavailable)
rElec    .         Harm     .   (no cloak)
rCorr    .         Rampage  .   (no gloves)
Will     .....                  (boots currently unavailable)
Stlth    +.........             b - amulet of faith
HPRegen  0.08/turn              (no ring)
MPRegen  0.20/turn              (no ring)

@: appendages (expiring)
A: horns 2, talons 2, ignite blood 1, magic regeneration
a: End Transformation


You were on level 2 of the Dungeon.
You had temporarily grown beastly horns and talons.
You visited 1 branch of the dungeon, and saw 2 of its levels.

You collected 74 gold pieces.

Inventory:

Armour
 a - a +0 robe (worn)
Jewellery
 b - an amulet of faith (around neck)
Scrolls
 d - a scroll of identify {unknown}
 e - a scroll of amnesia {unknown}
Potions
 c - a potion of heal wounds {unknown}


   Skills:
 + Level 1.0 Fighting
 + Level 1.8 Dodging
 * Level 3.6 Unarmed Combat
 + Level 2.2 Spellcasting
 * Level 2.2 Transmutations


You had 2 spell levels left.
You knew the following spells:

 Your Spells              Type           Power      Damage    Failure   Level
a - Beastly Appendage     Tmut           16%        N/A       9%          1
b - Spider Form           Tmut/Pois      2%         N/A       38%         3

Your spell library contained the following spells:

 Spells                   Type           Power      Damage    Failure   Level
 Wereblood                Tmut           8%         N/A       13%         2
 Ice Form                 Ice/Tmut       5%         N/A       80%         4


Dungeon Overview and Level Annotations

Branches:
Dungeon (2/15)

Altars:

Annotations:
D:2 Sigmund


Innate Abilities, Weirdness & Mutations

You have temporarily grown beastly horns and talons.
Your demonic aura sometimes causes spilled blood to erupt in flames.
You regenerate magic rapidly.


Message History

Sigmund drinks a potion.
Sigmund suddenly seems more resistant.
Sigmund completely misses you.
You hit Sigmund.
Sigmund is lightly wounded.
Sigmund barely misses you.
You hit Sigmund.
Sigmund is lightly wounded.
A goblin comes into view. It is wielding a +0 club.
The goblin shouts!
You hit Sigmund but do no damage. Your headbutt misses Sigmund.
Sigmund is lightly wounded.
Sigmund hits you with a +0 scythe.
You hit Sigmund. You claw Sigmund.
Sigmund is moderately wounded.
Sigmund mumbles some strange words.
Sigmund flickers and vanishes!
Deactivating autopickup; reactivate with Ctrl-A.
You hit something. Your kick misses something. You headbutt something!
You hear some strange, mumbled words.
You are confused.
You bump into the rock wall.
Your transformation is almost over.
You hear some strange, mumbled words.
A puff of flame appears from out of thin air!
The puff of flame misses you.
You bump into the rock wall.
Something hits you!
You bump into the rock wall.
Your magical contamination has completely faded away.
You hit something. You claw something. Your headbutt misses something.
Something barely misses you.
You bump into the rock wall.
You bump into the rock wall.
You feel less confused. Something hits you!
* * * LOW HITPOINT WARNING * * *
You hit something but do no damage. Your headbutt misses something.
You hear some strange, mumbled words.
A magic dart appears from out of thin air!
The magic dart hits you!
You die...

####.##################
.....g{@..............#
.....################.#
#################### #.#
...................# #.#
#######..#########.###########.##
.................................
########.#######.#.#.#########.##
#..# #.#.#.# #.# ##.## #.#.#.#
#.##


You could see a goblin.

Vanquished Creatures
  An adder skeleton (D:2)
  2 dart slugs (D:1)
  3 ball pythons
  4 bats
  An endoplasm (D:1)
  2 giant cockroaches
  4 goblins
  2 hobgoblins (D:1)
  2 quokkas (D:1)
  5 frilled lizards
  4 kobolds (D:1)
  A rat (D:2)
31 creatures vanquished.

Notes
Turn   | Place    | Note
-------+----------+-------------------------------------------
     0 | D:1      | lordive the Demonspawn Transmuter began the quest for the
                  | Orb.
     0 | D:1      | Reached XP level 1. HP: 15/15 MP: 3/3
   222 | D:1      | Reached skill level 3 in Unarmed Combat
   488 | D:1      | Gained mutation: Your demonic aura sometimes causes spilled
                  | blood to erupt in flames. [demonic ancestry]
   488 | D:1      | Reached XP level 2. HP: 21/21 MP: 3/5
  1397 | D:2      | Gained mutation: You regenerate magic rapidly. [demonic
                  | ancestry]
  1397 | D:2      | Reached XP level 3. HP: 26/26 MP: 4/6
  1568 | D:2      | Learned a level 3 spell: Spider Form
  2095 | D:2      | Noticed Sigmund
  2113 | D:2      | Killed from afar by Sigmund

Illustrated notes

Levels and vault maps discovered:
D:1:      minmay_arrival_widening_spiral_wide, layout_basic
D:2:      layout_basic, uniq_sigmund

Skill      XL: |  1  2 |
---------------+-------+-----
Unarmed Combat | 3 |  3.6
Transmutations | 2 |  2.2
Fighting       | |  1.0
Dodging        | |  1.8
Spellcasting   | |  2.2

Action                   || total
-------------------------++-------
Melee: Unarmed           ||    86
       Headbutt          ||    14
       Kick              ||    16
       Punch             ||     2
 Cast: Beastly Appendage ||    24
 Stab: Sleeping          ||     2
Armor: Robe              ||    12
Dodge: Dodged            ||    57
